 Dungeon Crawl Stone Soup version 0.29.1-12-g30fa7ad0bf (webtiles) character file.

Game seed: 15316514877186572552

49 booth the Chopper (level 3, -3/27 HPs)
             Began as a Demonspawn Gladiator on Dec 27, 2022.
             Slain by Grinder (6 damage)
             ... on level 3 of the Dungeon.
             The game lasted 00:08:54 (1783 turns).

booth the Chopper (Demonspawn Gladiator)            Turns: 1783, Time: 00:08:54

Health: -3/27      AC:  4    Str: 16    XL:     3   Next: 53%
Magic:  3/3        EV: 12    Int:  9    God:
Gold:   83         SH:  0    Dex: 14    Spells: 2/2 levels left

rFire   . . .      SeeInvis .   a - +0 war axe
rCold   . . .      Faith    .   (no shield)
rNeg    . . .      Spirit   .   b - +0 leather armour
rPois   .          Reflect  .   c - +0 helmet
rElec   .          Harm     .   (no cloak)
rCorr   .          Rampage  .   (no gloves)
Will    .....                   (no boots)
Stlth   +.........              (no amulet)
HPRegen 0.09/turn               (no ring)
MPRegen 0.08/turn               (no ring)

@: no status effects
A: demonic touch 1
a: no special abilities


You were on level 3 of the Dungeon.
You visited 1 branch of the dungeon, and saw 3 of its levels.

You collected 83 gold pieces.

Inventory:

Hand Weapons
 a - a +0 war axe (weapon)
Missiles
 d - 3 throwing nets (quivered)
 e - 5 javelins
Armour
 b - a +0 leather armour (worn)
 c - a +0 helmet (worn)
Scrolls
 g - a scroll of amnesia {unknown}
 i - a scroll of brand weapon {unknown}
 k - 3 scrolls of identify
 l - a scroll of magic mapping {unknown}
 m - a scroll of fog {unknown}
Potions
 h - a potion of attraction
 j - 2 potions of invisibility {unknown}


   Skills:
 + Level 2.0 Fighting
 + Level 3.4 Axes
 + Level 1.9 Throwing
 + Level 0.8 Armour
 + Level 3.2 Dodging


You had 2 spell levels left.
You didn't know any spells.
Your spell library contained the following spells:

 Spells                   Type           Power      Damage    Failure   Level
 Inner Flame              Hex/Fire       0%         N/A       83%         3
 Cause Fear               Hex            0%         N/A       99%         4
 Discord                  Hex            0%         N/A       100%        8


Dungeon Overview and Level Annotations

Branches:
Dungeon (3/15)

Altars:

Annotations:
D:3 Grinder


Innate Abilities, Weirdness & Mutations

Your touch may inflict minor irresistible damage on your foes.


Message History

You hit the endoplasm but do no damage.
You touch the endoplasm.
You kill the endoplasm!
Done exploring.
(D) Dungeon
Where to? (Enter - D:2, ? - help)
Things that are here:
a +0 club; a kobold corpse
There is an open door, spattered with blood here.
Things that are here:
an adder corpse; a ball python corpse
There is an escape hatch in the ceiling here.
There is a stone staircase leading down here.
You climb downwards.
Grinder shouts!
Found a scroll labelled DAZOZA GIETRI, 19 gold pieces and a scroll of identify.
Found a stone staircase leading up.
There is a stone staircase leading up here.
Grinder is nearby!
Grinder is nearby!
Found a whip.
You see here a scroll labelled DAZOZA GIETRI.
m - a scroll labelled DAZOZA GIETRI Grinder gestures at you.
Pain shoots through your body! Grinder hits you!
You writhe in agony.
You hit Grinder but do no damage. Grinder hits you!
* * * LOW HITPOINT WARNING * * *
You writhe in agony.
* * * LOW HITPOINT WARNING * * *
You feel much better.
Grinder blinks!
You slash Grinder!
Grinder is moderately wounded.
Grinder hits you.
You writhe in agony.
You slash Grinder!
You touch Grinder.
Grinder is severely wounded.
Grinder gestures at you. Pain shoots through your body! Grinder hits you!
* * * LOW HITPOINT WARNING * * *
You writhe in agony.
You die...

...........
..........
..........
......... .
......... ..#
........# #...#
........###+#......
.......<..@...$....
..##......5?.......
.........<.........
...................
#.......#####......
..$.##### ......
.... ...... ...
...)..


You could see Grinder.

Vanquished Creatures
  2 adders (D:2)
  A dart slug (D:1)
  3 ball pythons
  4 endoplasms
  A giant cockroach (D:1)
  4 hobgoblins (D:1)
  3 kobolds
  A quokka (D:1)
  7 bats
  A frilled lizard (D:2)
  2 rats
29 creatures vanquished.

Notes
Turn   | Place    | Note
-------+----------+-------------------------------------------
     0 | D:1      | booth the Demonspawn Gladiator began the quest for the Orb.
     0 | D:1      | Reached XP level 1. HP: 16/16 MP: 1/1
   307 | D:1      | Gained mutation: Your touch may inflict minor irresistible
                  | damage on your foes. [demonic ancestry]
   307 | D:1      | Reached XP level 2. HP: 11/22 MP: 2/2
   491 | D:1      | Found a faded altar of an unknown god.
   660 | D:1      | You fall into a shaft and drop 1 floor!
  1409 | D:2      | Reached XP level 3. HP: 27/27 MP: 3/3
  1768 | D:3      | Noticed Grinder
  1783 | D:3      | Slain by Grinder

Illustrated notes

Levels and vault maps discovered:
D:1:      minmay_arrival_doors, layout_loops_corners,
          ebering_ecumenical_altar_hall, hangedman_decor_push
D:2:      layout_basic, nicolae_figureground_sparkle
D:3:      wander_river, layout_basic, minmay_tree_intersection,
          minmay_quadrilaterals, uniq_grinder

Skill      XL: |  1  2 |
---------------+-------+-----
Axes           | 3 |  3.4
Dodging        | 3 |  3.2
Fighting       | |  2.0
Throwing       | |  1.9
Armour         | |  0.8

Action                   || total
-------------------------++-------
Melee: War axe           ||    65
       Punch             ||     1
       Touch             ||    11
  Use: Scroll            ||     3
       Potion            ||     1
Armor: Leather armour    ||    22
Dodge: Dodged            ||    59
